 Dungeon Sprint DCSS version 0.27.0-66-gdc8fb28755 (webtiles) character file.

Game seed: 5662802353729049829

2457 ABBCCCDDDD the Fighter (level 9, -9/92 HPs)
             Began as a Minotaur Berserker on Aug 19, 2021.
             Was the Champion of Trog.
             Mangled by a two-headed ogre (22 damage)
             ... in the Dungeon (Sprint III: "The Ten Rune Challenge").
             The game lasted 00:02:05 (1122 turns).

ABBCCCDDDD the Fighter (Minotaur Berserker)         Turns: 1122, Time: 00:02:05

Health: -9/92      AC:  7    Str: 25    XL:     9   Next: 26%
Magic:  8/8        EV: 15    Int:  4    God:    Trog [******]
Gold:   30         SH:  0    Dex: 10    Spells: 8/8 levels left

rFire    . . .     SeeInvis .   a - +0 hand axe
rCold    . . .     Faith    .   (no shield)
rNeg     . . .     Spirit   .   o - +0 ring mail
rPois    .         Reflect  .   (helmet restricted)
rElec    .         Harm     .   (no cloak)
rCorr    .         Rampage  .   (no gloves)
Will     .....     NoTele   +   (no boots)
Stlth    ..........             (no amulet)
HPRegen  0.25/turn              (no ring)
MPRegen  0.11/turn              (no ring)

@: on berserk cooldown, slowed, very slow
A: horns 2, retaliatory headbutt
a: Renounce Religion, Berserk, Trog's Hand, Brothers in Arms


You were in the Dungeon.
You worshipped Trog.
Trog was exalted by your worship.
You visited 1 branch You collected 30 gold pieces.

Inventory:

Hand Weapons
 a - a +0 hand axe (weapon)
Armour
 b - a +0 animal skin
 o - a +0 ring mail (worn)
Wands
 q - a wand of flame (11)
Scrolls
 h - a scroll of blinking
 j - a scroll of holy word
 m - a scroll of torment
Potions
 c - 2 potions of curing
 d - 3 potions of heal wounds
 e - a potion of haste
 f - 3 potions of magic
 g - 2 potions of berserk rage
 i - 2 potions of mutation
 k - a potion of might
 l - a potion of ambrosia {unknown}
 n - a potion of degeneration {unknown}
Miscellaneous
 p - a lightning rod (4/4)


   Skills:
 + Level 12.9 Fighting
 + Level 12.9 Axes
 + Level 12.6 Armour
 + Level 11.7 Dodging


You had 8 spell levels left.
You didn't know any spells.
Your spell library was empty.

Dungeon Overview and Level Annotations

Branches:
Dungeon (1/1)

Altars:
Cheibriados
Dithmenos
Elyvilon
Fedhas
Gozag
Hepliaklqana
Kikubaaqudgha
Makhleb
Nemelex Xobeh
Okawaru
Qazlal
Ru
Sif Muna
Trog
Uskayaw
Vehumet
Wu Jian
Xom
Yredelemnul
Zin
The Shining One
Beogh
Jiyva
Lugonu


Innate Abilities, Weirdness & Mutations

You have a pair of horns on your head.
You reflexively headbutt those who attack you in melee.


Message History

The two-headed ogre is lightly wounded.
You slash something! You completely miss something. You hit something.
You closely miss something. Something hits you!!
You closely miss something. You slash something! You headbutt something!
You barely miss something. Your headbutt misses something.
Something hits you but does no damage.
You slash something! You closely miss something. Something hits you!!
You hit something. You hit something. Your headbutt misses something.
Something hits you!!
You slice something!! Trog accepts your kill.
Trog appreciates your killing of a magic user.
Reactivating autopickup.
You feel a bit more experienced.
Your Armour skill increases to level 12!
You have reached level 9!
Your experience leads to an increase in your attributes!
Increase (S)trength, (I)ntelligence, or (D)exterity?
You feel stronger.
You slash the two-headed ogre!
The two-headed ogre is moderately wounded.
You slash the two-headed ogre!
The two-headed ogre is moderately wounded.
The two-headed ogre completely misses you.
The two-headed ogre closely misses you.
You slash the two-headed ogre!
The two-headed ogre is heavily wounded.
You are no longer berserk.
You are exhausted.
You feel yourself slow down.
You hit the two-headed ogre.
The two-headed ogre is severely wounded.
The two-headed ogre hits you with a +0 giant club!!
* * * LOW HITPOINT WARNING * * *
The two-headed ogre hits you with a +0 giant spiked club!!
You die...

__# )_# '## ..#
..# #'#
..#+##############
..#....#.#.#.....#
..##.#..#.##.###@#
..'##)#.#.##)#.O##
..#..)#..#..##..
▓▓▓▓▓▓▓▓▓▓▓▓▓▓▓▓


You could see a two-headed ogre.

Levels and vault maps discovered:
D:        dungeon_sprint_mu [sprint_mu_entry_cave, sprint_mu_temple_rooms,
          sprint_mu_d1_spiders, sprint_mu_d2_genie, sprint_mu_d3_branching,
          sprint_mu_orc_legion, sprint_mu_elf_gauntlet, sprint_mu_hive_nellie,
          sprint_mu_lair_fedhas, sprint_mu_vaults_butterflies,
          sprint_mu_slime_circle, sprint_mu_swamp_cave, sprint_mu_snake_twists,
          sprint_mu_blade_basic, sprint_mu_crypt_lich, sprint_mu_tomb_spiral,
          sprint_mu_vestibule_basic, sprint_mu_gehenna_hellfire,
          sprint_mu_dis_giant, sprint_mu_tartarus_statrot,
          sprint_mu_cocytus_islands, sprint_mu_zot1]

Notes
Turn   | Place    | Note
-------+----------+-------------------------------------------
     0 | D        | ABBCCCDDDD the Minotaur Berserker began the quest for the
                  | Orb.
     0 | D        | Reached XP level 1. HP: 19/19 MP: 0/0
    68 | D        | Reached ** piety under Trog
    85 | D        | Noticed a scorpion
    89 | D        | Killed a scorpion
    90 | D        | Reached skill level 5 in Fighting
    90 | D        | Reached skill level 5 in Axes
    90 | D        | Reached skill level 5 in Armour
    90 | D        | Reached XP level 2. HP: 27/30 MP: 1/1
    90 | D        | Reached XP level 3. HP: 33/37 MP: 2/2
    96 | D        | Reached XP level 4. HP: 31/44 MP: 3/3
   285 | D        | Noticed a water elemental
   290 | D        | Killed a water elemental
   290 | D        | Reached *** piety under Trog
   291 | D        | Reached skill level 5 in Dodging
   291 | D        | Reached XP level 5. HP: 51/51 MP: 4/4
   356 | D        | Found a hide-covered altar of Uskayaw.
   356 | D        | Found an iron altar of Okawaru.
   356 | D        | Found a bloodstained altar of Trog.
   356 | D        | Found an ornate altar of the Wu Jian Council.
   356 | D        | Noticed a human
   357 | D        | Noticed a human
   359 | D        | Killed a human
   360 | D        | Reached XP level 6. HP: 62/62 MP: 5/5
   365 | D        | Killed a human
   420 | D        | Noticed a shadow
   429 | D        | Killed a shadow
   429 | D        | Reached **** piety under Trog
   430 | D        | Reached skill level 10 in Fighting
   430 | D        | Reached skill level 10 in Axes
   430 | D        | Reached XP level 7. HP: 72/72 MP: 6/6
   477 | D        | Found a blossoming altar of Fedhas.
   477 | D        | Found a stormy altar of Qazlal.
   478 | D        | Found a snail-covered altar of Cheibriados.
   478 | D        | Found a burning altar of Makhleb.
   478 | D        | Found a hazy altar of Hepliaklqana.
   478 | D        | Found a shimmering altar of Xom.
   478 | D        | Found an opulent altar of Gozag.
   478 | D        | Found a sparkling altar of Nemelex Xobeh.
   478 | D        | Found a corrupted altar of Lugonu.
   478 | D        | Found a viscous altar of Jiyva.
   478 | D        | Noticed a spatial vortex
   488 | D        | Killed a spatial vortex
   489 | D        | Reached skill level 10 in Armour
   608 | D        | Found a basalt altar of Yredelemnul.
   608 | D        | Found a shadowy altar of Dithmenos.
   608 | D        | Found a sacrificial altar of Ru.
   710 | D        | Found a radiant altar of Vehumet.
   710 | D        | Found a shimmering blue altar of Sif Muna.
   710 | D        | Found an ancient bone altar of Kikubaaqudgha.
   713 | D        | Reached ***** piety under Trog
   765 | D        | Found a glowing silver altar of Zin.
   766 | D        | Found a glowing golden altar of the Shining One.
   766 | D        | Found a white marble altar of Elyvilon.
   766 | D        | Noticed a deep elf pyromancer
   778 | D        | Killed a deep elf pyromancer
   779 | D        | Reached skill level 10 in Dodging
   779 | D        | Reached XP level 8. HP: 82/82 MP: 7/7
  1045 | D        | Noticed a two-headed ogre
  1053 | D        | Killed a two-headed ogre
  1103 | D        | Noticed a two-headed ogre
  1103 | D        | Noticed Erolcha
  1117 | D        | Killed Erolcha
  1117 | D        | Reached ****** piety under Trog
  1118 | D        | Reached XP level 9. HP: 52/92 MP: 8/8
  1122 | D        | Mangled by a two-headed ogre

Table legend: (Time is in decaauts)
 A = Elapsed time spent in this place.
 B = Non-inter-level travel time spent in this place.
 C = Inter-level travel time spent in this place.
 D = Time resting spent in this place.
 E = Time spent auto-exploring this place.
 F = Levels seen in this place.
 G = Mean time per level.
                   A        B        C        D        E       F      G
               +--------+--------+--------+--------+--------+-----+--------+
         Total |   1187 |   1187 |      0 |    923 |     39 |   1 | 1187.0 |
       Dungeon |   1187 |   1187 |      0 |    923 |     39 |   1 | 1187.0 |
               +--------+--------+--------+--------+--------+-----+--------+

Top non-repeatable levels by time:
       D: 1187 daAuts

Table legend:
 A = Kills in this place as a percentage of kills in entire the game.
 B = Kills by you in this place as a percentage of kills by you in the entire game.
 C = Kills by friends in this place as a percentage of kills by friends in the entire game.
 D = Other kills in this place as a percentage of other kills in the entire game.
 E = Experience gained in this place as a percentage of experience gained in the entire game.
 F = Experience gained in this place divided by the number of levels of this place that you have seen.
                   A       B       C       D       E      F
               +-------+-------+-------+-------+-------+----------------------
         Total | 100.0 | 100.0 |   N/A |   N/A | 100.0 | 3511.0
       Dungeon | 100.0 | 100.0 |   N/A |   N/A | 100.0 | 3511.0
               +-------+-------+-------+-------+-------+----------------------

Action                   |  1- 3 |  4- 6 |  7- 9 || total
-------------------------+-------+-------+-------++-------
Melee: Hand axe          |    13 |    18 |    57 ||    88
       Headbutt          |     2 |     4 |    11 ||    17
Invok: Berserk           |     1 |     3 |     7 ||    11
  Use: Scroll            |       |     3 |       ||     3
 Stab: Sleeping          |     1 |       |       ||     1
Armor: Ring mail         |       |       |     1 ||     1
Dodge: Dodged            |     5 |     6 |    17 ||    28

Vanquished Creatures
  Erolcha (D)
  A deep elf pyromancer (D)
  A shadow (D)
  A spatial vortex (D)
  A necrophage (D)
  4 two-headed ogres (D)
  A water elemental (D)
  A scorpion (D)
  A jelly (D)
  A wizard (D)
  A necromancer (D)
  3 humans (D)
  A kobold demonologist (D)
  4 rats (D)
22 creatures vanquished.

Vanquished Creatures (others)
  A plant (D)
1 creature vanquished.

Grand Total: 23 creatures vanquished
